%YAML 1.1
%TAG !u! tag:unity3d.com,2011:
--- !u!1 &1101665434128874653
GameObject:
  m_ObjectHideFlags: 0
  m_CorrespondingSourceObject: {fileID: 0}
  m_PrefabInstance: {fileID: 0}
  m_PrefabAsset: {fileID: 0}
  serializedVersion: 6
  m_Component:
  - component: {fileID: 1101665434128874654}
  - component: {fileID: 1101665434128874648}
  - component: {fileID: 1101665434128874652}
  m_Layer: 0
  m_Name: Steps
  m_TagString: Untagged
  m_Icon: {fileID: 0}
  m_NavMeshLayer: 0
  m_StaticEditorFlags: 0
  m_IsActive: 1
--- !u!4 &1101665434128874654
Transform:
  m_ObjectHideFlags: 0
  m_CorrespondingSourceObject: {fileID: 0}
  m_PrefabInstance: {fileID: 0}
  m_PrefabAsset: {fileID: 0}
  m_GameObject: {fileID: 1101665434128874653}
  m_LocalRotation: {x: 0, y: 0, z: 0, w: 1}
  m_LocalPosition: {x: 0, y: 0, z: 0}
  m_LocalScale: {x: 1, y: 1, z: 1}
  m_Children: []
  m_Father: {fileID: 1101665434140917739}
  m_RootOrder: 0
  m_LocalEulerAnglesHint: {x: 0, y: 0, z: 0}
--- !u!114 &1101665434128874648
MonoBehaviour:
  m_ObjectHideFlags: 0
  m_CorrespondingSourceObject: {fileID: 0}
  m_PrefabInstance: {fileID: 0}
  m_PrefabAsset: {fileID: 0}
  m_GameObject: {fileID: 1101665434128874653}
  m_Enabled: 1
  m_EditorHideFlags: 0
  m_Script: {fileID: 11500000, guid: ab9ced6ecc2cdc34abd3709965d1433e, type: 3}
  m_Name: 
  m_EditorClassIdentifier: 
  Name: GameObject
  Skip: 0
  Manager: {fileID: 0}
  OnStepEndEvent:
    m_PersistentCalls:
      m_Calls: []
  OnStepStartEvent:
    m_PersistentCalls:
      m_Calls: []
  _target: {fileID: 1101665435095297013}
--- !u!114 &1101665434128874652
MonoBehaviour:
  m_ObjectHideFlags: 0
  m_CorrespondingSourceObject: {fileID: 0}
  m_PrefabInstance: {fileID: 0}
  m_PrefabAsset: {fileID: 0}
  m_GameObject: {fileID: 1101665434128874653}
  m_Enabled: 1
  m_EditorHideFlags: 0
  m_Script: {fileID: 11500000, guid: e8e208f999cfaf14287bb9e2ff4c081b, type: 3}
  m_Name: 
  m_EditorClassIdentifier: 
  Name: Steps
  Skip: 0
  Manager: {fileID: 0}
  OnStepEndEvent:
    m_PersistentCalls:
      m_Calls: []
  OnStepStartEvent:
    m_PersistentCalls:
      m_Calls: []
  _toOpen: {fileID: 3349633792493235313, guid: ffa150bae8d922a4ba25ceb90ed4c99b, type: 3}
  _toClose: {fileID: 4782352542291443033, guid: e7e73bda4769ec94a9abc1ab9dd5e8db,
    type: 3}
  _nOfInteractions: 10
  _progressCircle: {fileID: 0}
--- !u!1 &1101665434140917737
GameObject:
  m_ObjectHideFlags: 0
  m_CorrespondingSourceObject: {fileID: 0}
  m_PrefabInstance: {fileID: 0}
  m_PrefabAsset: {fileID: 0}
  serializedVersion: 6
  m_Component:
  - component: {fileID: 1101665434140917739}
  - component: {fileID: 1101665434140917738}
  - component: {fileID: 8586458200306724720}
  - component: {fileID: -53475010220559367}
  m_Layer: 0
  m_Name: Exercicio07
  m_TagString: Untagged
  m_Icon: {fileID: 0}
  m_NavMeshLayer: 0
  m_StaticEditorFlags: 0
  m_IsActive: 1
--- !u!4 &1101665434140917739
Transform:
  m_ObjectHideFlags: 0
  m_CorrespondingSourceObject: {fileID: 0}
  m_PrefabInstance: {fileID: 0}
  m_PrefabAsset: {fileID: 0}
  m_GameObject: {fileID: 1101665434140917737}
  m_LocalRotation: {x: 0, y: 0, z: 0, w: 1}
  m_LocalPosition: {x: 0, y: 0, z: 0}
  m_LocalScale: {x: 1, y: 1, z: 1}
  m_Children:
  - {fileID: 1101665434128874654}
  - {fileID: 1101665435095297013}
  m_Father: {fileID: 0}
  m_RootOrder: 0
  m_LocalEulerAnglesHint: {x: 0, y: 0, z: 0}
--- !u!114 &1101665434140917738
MonoBehaviour:
  m_ObjectHideFlags: 0
  m_CorrespondingSourceObject: {fileID: 0}
  m_PrefabInstance: {fileID: 0}
  m_PrefabAsset: {fileID: 0}
  m_GameObject: {fileID: 1101665434140917737}
  m_Enabled: 1
  m_EditorHideFlags: 0
  m_Script: {fileID: 11500000, guid: cfddac9887adcd14c993a28d2467ec0e, type: 3}
  m_Name: 
  m_EditorClassIdentifier: 
  InitializeOnStart: 1
  OnAllStepsFinished:
    m_PersistentCalls:
      m_Calls: []
--- !u!114 &8586458200306724720
MonoBehaviour:
  m_ObjectHideFlags: 0
  m_CorrespondingSourceObject: {fileID: 0}
  m_PrefabInstance: {fileID: 0}
  m_PrefabAsset: {fileID: 0}
  m_GameObject: {fileID: 1101665434140917737}
  m_Enabled: 1
  m_EditorHideFlags: 0
  m_Script: {fileID: 11500000, guid: 4a4309c5e6a7f004aa83bf3656cccedd, type: 3}
  m_Name: 
  m_EditorClassIdentifier: 
--- !u!114 &-53475010220559367
MonoBehaviour:
  m_ObjectHideFlags: 0
  m_CorrespondingSourceObject: {fileID: 0}
  m_PrefabInstance: {fileID: 0}
  m_PrefabAsset: {fileID: 0}
  m_GameObject: {fileID: 1101665434140917737}
  m_Enabled: 1
  m_EditorHideFlags: 0
  m_Script: {fileID: 11500000, guid: 400ad959fd02b4d4f999f6065fb94368, type: 3}
  m_Name: 
  m_EditorClassIdentifier: 
--- !u!1 &1101665435095297012
GameObject:
  m_ObjectHideFlags: 0
  m_CorrespondingSourceObject: {fileID: 0}
  m_PrefabInstance: {fileID: 0}
  m_PrefabAsset: {fileID: 0}
  serializedVersion: 6
  m_Component:
  - component: {fileID: 1101665435095297013}
  m_Layer: 0
  m_Name: PlayerPosition
  m_TagString: Untagged
  m_Icon: {fileID: 0}
  m_NavMeshLayer: 0
  m_StaticEditorFlags: 0
  m_IsActive: 1
--- !u!4 &1101665435095297013
Transform:
  m_ObjectHideFlags: 0
  m_CorrespondingSourceObject: {fileID: 0}
  m_PrefabInstance: {fileID: 0}
  m_PrefabAsset: {fileID: 0}
  m_GameObject: {fileID: 1101665435095297012}
  m_LocalRotation: {x: -0, y: -0.000001385808, z: -0, w: -1}
  m_LocalPosition: {x: -4.904, y: 0, z: 1.058}
  m_LocalScale: {x: 1, y: 1, z: 1}
  m_Children: []
  m_Father: {fileID: 1101665434140917739}
  m_RootOrder: 1
  m_LocalEulerAnglesHint: {x: 0, y: 360, z: 0}
